 Dungeon Crawl Stone Soup version 0.19-a0-805-g0a78ef0 (webtiles) character file.

1429 MrRokkomies the Jinx (level 8, -1/60 HPs)
             Began as a Vampire Enchanter on June 27, 2016.
             Was a Follower of Okawaru.
             Slain by an orc warrior
             ... wielding a +0 mace
              (14 damage)
             ... on level 6 of the Dungeon.
             The game lasted 00:20:45 (6379 turns).

MrRokkomies the Jinx (Vampire Enchanter)            Turns: 6379, Time: 00:20:46

Health: -1/60      AC:  8    Str:  8    XL:     8   Next: 44%
Magic:  1/11       EV: 12    Int: 18    God:    Okawaru [*.....]
Gold:   304        SH:  0    Dex: 17    Spells: 4 memorised, 1 level left

rFire  x . .     SeeInvis +     a - +1 dagger (elec)
rCold  + + +     Gourm    .     g - +3 leather armour of the World {rElec rPois rC+}
rNeg   + + .     Faith    +     (no shield)
rPois  +         Spirit   .     (helmet restricted)
rElec  +         Dismiss  .     (no cloak)
rCorr  .         Reflect  .     w - +0 pair of gloves
SustAt .         Harm     .     j - +0 pair of boots
MR     +....                    n - amulet of faith
Stlth  +++.......               t - ring of ice
                                q - ring of wizardry

@: regenerating slowly, somewhat resistant to hostile enchantments, fairly
stealthy
A: antennae 1, fangs 3, see invisible, agile 1, magic resistance 1, unbreathing
a: Bat Form, Heroism, Renounce Religion


You were on level 6 of the Dungeon.
You worshipped Okawaru.
Okawaru was aware of your devotion.
You were very thirsty.

You visited 2 branches of the dungeon, and saw 7 of its levels.

You collected 304 gold pieces.

Inventory:

Hand Weapons
 a - a +1 dagger of electrocution (weapon)
 b - a +0 blowgun
Missiles
 i - 7 needles of sleeping
 o - 4 tomahawks (quivered)
 r - 29 poisoned needles
Armour
 g - the +3 leather armour of the World (worn) {rElec rPois rC+}
   (You found it on level 4 of the Dungeon)

   It protects you from cold.
   It insulates you from electricity.
   It protects you from poison.
 j - a +0 pair of boots (worn)
 w - a +0 pair of gloves (worn)
Jewellery
 n - an amulet of faith (around neck)
 q - a ring of wizardry (left hand)
 t - a ring of ice (right hand)
 B - an uncursed amulet of the gourmand {unknown}
Wands
 u - a wand of teleportation (4/9)
 A - a wand of polymorph (13/24)
Scrolls
 d - 2 scrolls of remove curse
 k - 2 scrolls of recharging
 s - a scroll of immolation
 x - 4 scrolls of identify
Potions
 e - a potion of invisibility
 f - 3 potions of degeneration
 h - a potion of magic
 m - a potion of mutation
 p - a potion of brilliance
 v - a potion of berserk rage
Books
 c - a book of Maledictions

   Spells                             Type                      Level
   a - Corona                         Hexes                        1
   b - Ensorcelled Hibernation        Hexes/Ice                    2
   c - Confuse                        Hexes                        3
   d - Tukima's Dance                 Hexes                        3
   e - Dazzling Spray                 Conjuration/Hexes            3
 y - a book of Callings

   Spells                             Type                      Level
   a - Summon Small Mammal            Summoning                    1
   b - Call Imp                       Summoning                    2
   c - Call Canine Familiar           Summoning                    3
   d - Summon Guardian Golem          Hexes/Summoning              3
   e - Summon Lightning Spire         Summoning/Air                4
   f - Summon Ice Beast               Ice/Summoning                4


   Skills:
 * Level 4.0 Fighting
 * Level 8.3 Short Blades
 - Level 2.1 Dodging
 - Level 4.4 Stealth
 - Level 2.0 Spellcasting
 - Level 9.0 Hexes


You had one spell level left.
You knew the following spells:

 Your Spells              Type           Power        Failure   Level  Hunger
a - Call Imp              Summ           #.......     16%         2    ###....
b - Ensorcelled Hibernat  Hex/Ice        ####..       3%          2    ###....
c - Confuse               Hex            ####....     1%          3    ###....
d - Tukima's Dance        Hex            ####....     1%          3    ###....


Dungeon Overview and Level Annotations

Branches:
Dungeon (6/15)             Temple (1/1) D:5

Altars:
Ashenzari
Elyvilon
Fedhas
Gozag
Hepliaklqana
Makhleb
Okawaru
Ru
Uskayaw
Vehumet
Xom
Yredelemnul
Zin
The Shining One


Innate Abilities, Weirdness & Mutations

You heal slowly.
You have razor-sharp teeth.
You have supernaturally acute eyesight. (SInv)
You can survive without breathing.
You have a pair of small antennae on your head.
You are agile. (Dex +2)
You are resistant to hostile enchantments. (MR+)


Message History

* * * LOW HITPOINT WARNING * * *
You feel better.
The orc warrior hits you but does no damage.
You hit the orc warrior but do no damage.
The orc warrior is severely wounded.
You hit the orc warrior but do no damage.
The orc warrior is severely wounded.
The orc warrior hits you with a mace!
* * * LOW HITPOINT WARNING * * *
You feel better. The orc warrior closely misses you.
Okay, then.
Unknown command.
Casting: Confuse
Confirm with . or Enter, or press ? or * to list all spells.
Aiming: Confuse
Press: ? - help, Shift-Dir - straight line, f/p - orc warrior
Aim: an orc warrior, wielding a mace and wearing a runed plate armour (severely wounded, chance to defeat MR: 62%)
The orc warrior appears confused.
The orc warrior hits you with a mace!
You die...

#.## #..# #<.##
#.##..#### #........#
.#####.##.# #.....)....#
####
##############.#######...
........@oo..............
###############..........
................
................
..[.....###.#...
#######..##.#...
##.##.#### #.##.# #.##.#


You could see an orc warrior (confused) and an orc.

Vanquished Creatures
  Prince Ribbit (D:6)
  A sky beast (D:5)
  An orc warrior (D:5)
  An ogre (D:5)
  A phantom (D:6)
  The ghost of clown the Charmwright, an amateur MfSk (D:3)
  A centaur (D:5)
  A giant frog (D:6)
  A crimson imp (D:5)
  10 orc wizards
  A giant frog skeleton (D:4)
  3 orc priests (D:3)
  A worker ant (D:6)
  3 gnolls (D:3)
  6 adders
  A shadow imp (D:5)
  3 oozes
  2 worms (D:2)
  3 dart slugs
  2 giant geckos
  18 orcs
  3 ball pythons
  5 giant cockroaches
  12 hobgoblins
  8 jackals
  2 quokkas
  6 bats
  4 giant newts
  6 goblins
  A jackal zombie (D:5)
  5 kobolds
  5 rats
119 creatures vanquished.

Notes
Turn   | Place    | Note
--------------------------------------------------------------
     0 | D:1      | MrRokkomies the Vampire Enchanter began the quest for the Orb.
     0 | D:1      | Reached XP level 1. HP: 13/13 MP: 3/3
   467 | D:1      | Reached XP level 2. HP: 19/19 MP: 5/5
   490 | D:1      | Reached skill level 5 in Hexes
   885 | D:1      | Learned a level 2 spell: Ensorcelled Hibernation
  1073 | D:2      | Reached XP level 3. HP: 18/24 MP: 6/6
  1673 | D:2      | Reached XP level 4. HP: 30/30 MP: 7/7
  1733 | D:2      | Learned a level 3 spell: Confuse
  1951 | D:3      | Reached skill level 6 in Hexes
  1981 | D:3      | Noticed clown's ghost (amateur MfSk)
  2374 | D:3      | Found a glowing golden altar of the Shining One.
  2436 | D:3      | Found a shattered altar of Ashenzari.
  2531 | D:3      | Reached XP level 5. HP: 8/35 MP: 1/8
  2962 | D:3      | Gained mutation: You are agile. (Dex +2) [potion of mutation]
  2962 | D:3      | Gained mutation: You have a pair of small antennae on your head. [potion of mutation]
  2962 | D:3      | Gained mutation: You are resistant to hostile enchantments. (MR+) [potion of mutation]
  2992 | D:3      | Reached skill level 7 in Hexes
  3507 | D:3      | Found a burning altar of Makhleb.
  4093 | D:3      | Killed clown's ghost
  4093 | D:3      | Reached skill level 5 in Short Blades
  4093 | D:3      | Reached XP level 6. HP: 28/41 MP: 0/9
  4365 | D:2      | Reached skill level 8 in Hexes
  4948 | D:4      | Got a dazzling leather armour
  4959 | D:4      | Identified the +3 leather armour of the World {rElec rPois rC+} (You found it on level 4 of the Dungeon)
  5220 | D:4      | Found a shimmering altar of Xom.
  5425 | D:5      | Entered Level 5 of the Dungeon
  5425 | D:5      | Found an opulent altar of Gozag.
  5430 | D:5      | Noticed a sky beast
  5446 | D:5      | Killed a sky beast
  5446 | D:5      | Reached XP level 7. HP: 40/46 MP: 3/10
  5451 | D:5      | Learned a level 3 spell: Tukima's Dance
  5494 | D:5      | Reached skill level 9 in Hexes
  5644 | D:5      | Reached skill level 1 in Fighting
  5788 | D:5      | Found a staircase to the Ecumenical Temple.
  5845 | Temple   | Entered the Ecumenical Temple
  5929 | Temple   | Became a worshipper of Warmaster Okawaru
  6221 | D:5      | Learned a level 2 spell: Call Imp
  6259 | D:6      | Reached XP level 8. HP: 57/57 MP: 8/11
  6289 | D:6      | Noticed Prince Ribbit
  6298 | D:6      | Killed Prince Ribbit
  6339 | D:6      | Reached * piety under Okawaru
  6359 | D:6      | HP: 3/60 [orc warrior/mace (11)]
  6379 | D:6      | Slain by an orc warrior

Vault maps used:
D:1:      saegor_arrival_simple_b
D:2:      corner_web_ring
D:3:      lightli_temple_of_fire, lemuel_round_altar,
          nicolae_overflow_crystal_walls
D:4:      first_bread, tgw_xom
D:5:      nicolae_gozag_seed_capital
D:6:      johnstein_pakellas_dig, uniq_prince_ribbit1
Temple:   eino_temple_rhombus

Skill      XL: |  1  2  3  4  5  6  7  8 |
---------------+-------------------------+-----
Hexes          | 5 6 7 8 9 |  9.0
Short Blades   | 2 3 5 6 7 8 |  8.3
Fighting       | 2 4 |  4.0
Dodging        | |  2.1
Stealth        | |  4.4
Spellcasting   | |  2.0

Action                   |  1- 3 |  4- 6 |  7- 9 || total
-------------------------+-------+-------+-------++-------
Melee: Dagger            |   161 |   291 |    80 ||   532
       Bite              |    13 |    21 |    12 ||    46
 Fire: Blowgun           |       |     2 |     6 ||     8
 Cast: Ensorcelled Hiber |     5 |    22 |    14 ||    41
       Confuse           |       |     8 |     3 ||    11
       Tukima's Dance    |       |       |     1 ||     1
  Use: Scroll            |     2 |     4 |     3 ||     9
       Potion            |       |     7 |     6 ||    13
 Stab: Sleeping          |     8 |    20 |     9 ||    37
       Confused          |       |     4 |     1 ||     5
       Invisible         |       |     2 |       ||     2
  Eat: Corpse            |     1 |     6 |     2 ||     9
Armor: Leather armour    |    51 |    58 |    18 ||   127
       Robe              |     2 |       |       ||     2
Dodge: Dodged            |   110 |   156 |    29 ||   295
